 Dungeon Crawl Stone Soup version 0.22-a0-348-gd16d139 (webtiles) character file.

1290 JeffiDaFish the Conjurer (level 8, -19/57 HPs)
             Began as a Purple Draconian Fire Elementalist on Apr 8, 2018.
             Killed from afar by an orc (25 damage)
             ... with a wand of acid (2)
             ... on level 6 of the Dungeon.
             The game lasted 00:15:48 (7259 turns).

JeffiDaFish the Conjurer (DrFE)                     Turns: 7259, Time: 00:15:48

Health: -19/57     AC:  4    Str: 10    XL:     8   Next: 30%
Magic:  12/18      EV: 12    Int: 17    God:
Gold:   366        SH:  0    Dex: 15    Spells: 6/19 levels left

rFire    . . .     SeeInvis .   l - +5 great sword
rCold    . . .     Gourm    .   (shield currently unavailable)
rNeg     . . .     Faith    .   (armour unavailable)
rPois    .         Spirit   .   (helmet restricted)
rElec    .         Reflect  .   (no cloak)
rCorr    .         Harm     .   d - +0 pair of gloves
MR       +....                  h - +0 pair of boots
Stlth    ++........             (no amulet)
HPRegen  0.19/turn              i - +2 ring of dexterity
MPRegen  0.16/turn              (no ring)

@: corroded
A: breathe power, unfitting armour, blurry vision 1, high mp 1, screaming 1,
cold-blooded, AC +6
a: Breathe Dispelling Energy


You were on level 6 of the Dungeon.
You were hungry.

You visited 1 branch of the dungeon, and saw 6 of its levels.

You collected 366 gold pieces.

Inventory:

Hand Weapons
 c - a +3 dagger
 l - a +5 great sword (weapon)
Armour
 d - a +0 pair of gloves (worn)
 h - a +0 pair of boots (worn)
Jewellery
 i - a +2 ring of dexterity (left hand)
Scrolls
 e - 2 scrolls of identify
 f - 5 scrolls of blinking
 g - 2 scrolls of remove curse
 j - 2 scrolls of teleportation
 k - 2 scrolls of fear
Potions
 a - 6 potions of curing
Comestibles
 b - 7 rations


   Skills:
 - Level 1.7 Dodging
 - Level 1.7 Stealth
 * Level 6.1 Spellcasting
 * Level 6.5 Conjurations
 + Level 2.1 Translocations
 * Level 5.9 Fire Magic


You had 6 spell levels left.
You knew the following spells:

 Your Spells              Type           Power        Failure   Level  Hunger
a - Flame Tongue          Conj/Fire      ####.        1%          1    None
b - Conjure Flame         Conj/Fire      ####....     3%          3    ##.....
c - Blink                 Tloc           N/A          9%          2    None
d - Mephitic Cloud        Conj/Pois/Air  ##......     16%         3    ##.....
e - Sticky Flame          Conj/Fire      ####....     10%         4    ####...


Dungeon Overview and Level Annotations

Branches:
Dungeon (6/15)
 Temple: D:4-7

Altars:
Uskayaw
Xom


Innate Abilities, Weirdness & Mutations

You can breathe bolts of dispelling energy.
Your rich purple scales are hard. (AC +6)
You cannot fit into any form of body armour.
You are cold-blooded and may be slowed by cold attacks.
Scrolls take you a little longer to read.
You have an increased reservoir of magic. (+10% MP)
You occasionally shout uncontrollably at your foes.


Message History

You are splashed with acid!
The acid burns!
It is a wand of acid (4).
Casting: Flame Tongue (safe; 1% risk of failure)
Confirm with . or Enter, or press ? or * to list all spells.
Aiming: Flame Tongue (safe; 1% risk of failure)
Press: ? - help, Shift-Dir - straight line, f - orc
Aim: an orc, wielding a trident, wearing a leather armour and carrying a wand of acid (4)
The flame tongue hits the orc.
The orc is moderately wounded.
You are feeling hungry.
The orc zaps a wand.
The bolt of acid hits you!
* * * LOW HITPOINT WARNING * * *
You are splashed with acid!
The acid burns!
* * * LOW HITPOINT WARNING * * *
Casting: Flame Tongue (safe; 1% risk of failure)
Confirm with . or Enter, or press ? or * to list all spells.
You blink.
The orc zaps a wand.
The bolt of acid misses you.
You barely miss the orc.
The orc is moderately wounded.
The orc zaps a wand.
The bolt of acid hits you!
You die...

#..#####.# #......## #.
#........######
#.......# #.
#.#######.....#
#.#.....#####. #.#
#.....####.#...........
#.#
#..........#...........
#.#
#.....######...........
#.# #.....#
##.########. #.
######### #.# #.
#.....o@# #.# #.
#.#####.# #.# #.
#)######.# #.
#ยง.......# #.
#)######## ## #.# #
#.......# # #####.### #
... ...


You could see an orc.

Vanquished Creatures
  Menkaure (D:4)
  2 sky beasts (D:6)
  2 ogres
  4 wights (D:6)
  2 crimson imps (D:4)
  2 hounds
  5 orc wizards
  4 bullfrog skeletons
  An iguana (D:5)
  A hound skeleton (D:6)
  A worker ant zombie (D:5)
  A howler monkey skeleton (D:4)
  9 adders
  A shadow imp (D:6)
  2 oozes
  6 worms
  3 dart slugs
  4 leopard geckos
  9 orcs
  4 bats
  6 giant cockroaches
  10 goblins
  13 hobgoblins
  12 jackals
  5 kobolds
  A quokka (D:4)
  A ball python (D:1)
  3 frilled lizards
  A quokka zombie (D:5)
  7 rats
123 creatures vanquished.

Notes
Turn   | Place    | Note
-------+----------+-------------------------------------------
     0 | D:1      | JeffiDaFish the Draconian Fire Elementalist began the quest for the Orb.
     0 | D:1      | Reached XP level 1. HP: 14/14 MP: 3/3
    77 | D:1      | Reached XP level 2. HP: 7/20 MP: 0/5
   391 | D:1      | Gained mutation: Scrolls take you a little longer to read. [potion of mutation]
   391 | D:1      | Gained mutation: You occasionally shout uncontrollably at your foes. [potion of mutation]
   391 | D:1      | Gained mutation: You have an increased reservoir of magic. (+10% MP) [potion of mutation]
  1714 | D:2      | Reached XP level 3. HP: 26/26 MP: 0/7
  2094 | D:2      | Reached XP level 4. HP: 31/33 MP: 0/8
  3335 | D:3      | Learned a level 3 spell: Conjure Flame
  3398 | D:3      | Learned a level 2 spell: Blink
  3430 | D:3      | Reached XP level 5. HP: 38/38 MP: 7/10
  3717 | D:3      | Found a faded altar of an unknown god.
  3859 | D:4      | Noticed an ogre
  3869 | D:4      | Killed an ogre
  3930 | D:4      | Reached XP level 6. HP: 39/45 MP: 8/12
  3993 | D:4      | Learned a level 3 spell: Mephitic Cloud
  4237 | D:4      | Found a shimmering altar of Xom.
  4365 | D:4      | Paralysed by a crimson imp for 6 turns
  4391 | D:4      | Reached skill level 5 in Conjurations
  5009 | D:4      | Noticed Menkaure
  5015 | D:4      | Killed Menkaure
  5015 | D:4      | Your scales start taking on a rich purple colour.
  5015 | D:4      | Reached XP level 7. HP: 18/50 MP: 8/15
  5228 | D:4      | Learned a level 4 spell: Sticky Flame
  5603 | D:5      | Entered Level 5 of the Dungeon
  5971 | D:5      | Reached skill level 5 in Spellcasting
  5971 | D:5      | Reached skill level 5 in Fire Magic
  6602 | D:6      | Reached skill level 1 in Translocations
  6849 | D:6      | Found a hide-covered altar of Uskayaw.
  6944 | D:6      | Reached XP level 8. HP: 50/57 MP: 18/18
  7259 | D:6      | Killed from afar by an orc

Vault maps used:
D:1:      dpeg_arrival_ternary
D:2:      minmay_pentomino_v2
D:3:      chequers_ecumenical_altar_twisty
D:4:      led_xom_imps, uniq_menkaure
D:5:      first_ration, minmay_misc_feat_ornament
D:6:      eat_drink_and_be_merry_uskayaw, kennysheep_pointless_box

Skill      XL: |  1  2  3  4  5  6  7  8 |
---------------+-------------------------+-----
Conjurations   | 2 3 4 5 6 |  6.5
Spellcasting   | 3 4 5 6 |  6.1
Fire Magic     | 4 5 |  5.9
Translocations | 1 2 |  2.1
Dodging        | |  1.7
Stealth        | |  1.7

Action                   |  1- 3 |  4- 6 |  7- 9 || total
-------------------------+-------+-------+-------++-------
Melee: Unarmed           |    15 |       |       ||    15
       Tailslap          |     6 |    12 |    14 ||    32
       Dagger            |    23 |   189 |    97 ||   309
       Great sword       |       |       |    21 ||    21
 Cast: Flame Tongue      |    54 |    70 |    51 ||   175
       Blink             |       |     2 |     4 ||     6
       Sticky Flame      |       |       |     5 ||     5
  Use: Potion            |     6 |     4 |     2 ||    12
       Scroll            |     4 |     4 |     4 ||    12
 Stab: Sleeping          |       |     1 |     2 ||     3
  Eat: Chunk             |     4 |    10 |     5 ||    19
       Ration            |       |       |     1 ||     1
Armor: Skin              |    11 |   106 |    49 ||   166
Dodge: Dodged            |    32 |   133 |    75 ||   240
       Rpst.: Great sword |       |       |     8 ||     8

Table legend:
 A = Spawn XP
 B = Non-spawn XP
 C = Spawn XP percentage of total XP
 D = Spawn monster count
 E = Non-spawn monster count
 F = Spawn count percentage of total count
 G = Total turns spent on level
                    A         B        C        D         E        F      G
               +---------+---------+-------+---------+---------+-------+---------
         Total |       0 |    1844 |   0.0 |       0 |     123 |   0.0 |  7259
               +---------+---------+-------+---------+---------+-------+---------
           D:1 |       0 |      35 |   0.0 |       0 |      19 |   0.0 |  1548
           D:2 |       0 |     121 |   0.0 |       0 |      26 |   0.0 |  1529
           D:3 |       0 |      74 |   0.0 |       0 |      24 |   0.0 |   762
           D:4 |       0 |     645 |   0.0 |       0 |      20 |   0.0 |  1764
           D:5 |       0 |     253 |   0.0 |       0 |      18 |   0.0 |  1036
           D:6 |       0 |     716 |   0.0 |       0 |      16 |   0.0 |   620
               +---------+---------+-------+---------+---------+-------+---------
